 Dungeon Crawl Stone Soup version 0.17.1-3-g152610e (webtiles) character file.

277 juanjsm the Sneak (level 6, -1/28 HPs)
             Began as a Spriggan Enchanter on Apr 18, 2016.
             Killed from afar by Sigmund (7 damage)
             ... with a puff of flame
             ... on level 4 of the Dungeon.
             The game lasted 00:22:42 (3693 turns).

juanjsm the Sneak (Spriggan Enchanter)              Turns: 3693, Time: 00:22:42

Health: -1/28      AC:  4    Str:  4    XL:     6   Next: 4%
Magic:  0/13       EV: 21    Int: 16    God:
Gold:   232        SH:  0    Dex: 19    Spells: 4 memorised, 4 levels left

rFire  . . .     SeeInvis +     a - +1 dagger
rCold  . . .     Clarity  .     b - +1 robe
rNeg   . . .     SustAt   .     (shield restricted)
rPois  .         Gourm    .     (helmet restricted)
rElec  .         Spirit   .     o - +0 cloak
rCorr  .         Warding  .     (gloves unavailable)
rMut   .         Stasis   .     (boots unavailable)
MR     +....                    (no amulet)
Stlth  ++++......               (no ring)
                                (no ring)

@: very quick, somewhat resistant to hostile enchantments, stealthy
A: unfitting armour, see invisible, herbivore 3, speed 3, slow metabolism 2
a: no special abilities


You were on level 4 of the Dungeon.
You were very hungry.

You visited 1 branch of the dungeon, and saw 5 of its levels.
You also visited: Sewer.

You collected 232 gold pieces.

Inventory:

Hand Weapons
 a - a +1 dagger (weapon)
 j - a +2 antimagic dagger
Armour
 b - a +1 robe (worn)
 o - a +0 cloak (worn)
Scrolls
 e - 4 scrolls of identify {unknown}
 f - a scroll of blinking {unknown}
 g - a scroll of magic mapping {unknown}
 h - 2 scrolls of recharging {unknown}
 i - 3 scrolls of remove curse {unknown}
 k - a scroll of immolation {unknown}
 m - a scroll of teleportation {unknown}
 p - a scroll of amnesia {unknown}
 s - a scroll of enchant armour {unknown}
Potions
 l - a potion of ambrosia {unknown}
 n - 4 potions of curing {unknown}
 q - a potion of degeneration {unknown}
 r - 2 potions of haste {unknown}
 t - a potion of magic {unknown}
 u - a potion of flight {unknown}
Books
 c - a book of Maledictions

   Spells                             Type                      Level
   a - Corona                         Hexes                        1
   b - Ensorcelled Hibernation        Hexes/Ice                    2
   c - Confuse                        Hexes                        3
   d - Tukima's Dance                 Hexes                        3
   e - Dazzling Spray                 Conjuration/Hexes            3
Comestibles
 d - 2 bread rations


   Skills:
 + Level 0.2 Fighting
 + Level 1.3 Short Blades
 + Level 5.4 Dodging
 + Level 6.4 Stealth
 + Level 4.1 Spellcasting
 + Level 4.4 Hexes
 + Level 1.3 Ice Magic


You had 4 spell levels left.
You knew the following spells:

 Your Spells              Type           Power        Failure   Level  Hunger
a - Corona                Hex            ###....      2%          1    None
b - Ensorcelled Hibernat  Hex/Ice        ##....       10%         2    ##.....
c - Confuse               Hex            ###.....     10%         3    ###....
d - Dazzling Spray        Conj/Hex       ##......     21%         3    ###....


Dungeon Overview and Level Annotations

Branches:
Dungeon (5/15)
 Temple: D:4-7

Altars:
Fedhas
Gozag
Yredelemnul

Shops:
D:4 *

Annotations:
D:4 Natasha, Sigmund


Innate Abilities, Weirdness & Mutations

You are tiny and cannot use many weapons and most armour.
You have supernaturally acute eyesight.
You are a herbivore.
You cover ground extremely quickly.
You need consume almost no food.


Message History

Sigmund is severely wounded.
Sigmund closely misses you.
You hit Sigmund.
Sigmund is severely wounded.
Casting: Ensorcelled Hibernation
Confirm with . or Enter, or press ? or * to list all spells.
Aiming: Corona
Press: ? - help, Shift-Dir - straight line, f/p - Sigmund
Aim: Sigmund, wielding a scythe and wearing a robe (severely wounded, slightly transparent, chance to defeat MR: 63%) Sigmund struggles to resist.
Sigmund points at you and mumbles some strange words.
The puff of flame misses you.
You barely miss Sigmund.
Sigmund is severely wounded.
Sigmund misses you.
You hit Sigmund.
Sigmund is severely wounded.
Sigmund casts a spell at you. The puff of flame hits you!
You die...

...... ..... ....#
..#.# ....# ###.#.#
########.... # #<#.#.#
#.......... ..
#...#.####......<.##...
#.#................'..
#.#(#.####........#
#.#.#...##.....@@.#
#.#.###.##..?.?...#
#.#.# #...........#
#.#.#####.........#
#.#.......#########
#...##### #...#
######## #...# ########
#....... #.).# #......#
#...[...


You could see Sigmund (invisible).

Vanquished Creatures
  A giant frog (Sewer)
  8 adders
  10 oozes (Sewer)
  A worm (D:4)
  14 giant geckos
  An orc (D:3)
  8 giant cockroaches
  7 hobgoblins
  9 ball pythons (Sewer)
  5 bats
  12 giant newts
  6 goblins
  9 kobolds
  A quokka (D:4)
  7 rats
99 creatures vanquished.

Notes
Turn   | Place    | Note
--------------------------------------------------------------
     0 | D:1      | juanjsm the Spriggan Enchanter began the quest for the Orb.
     0 | D:1      | Reached XP level 1. HP: 9/9 MP: 5/5
   236 | D:1      | Reached XP level 2. HP: 13/13 MP: 3/6
   241 | D:1      | Learned a level 2 spell: Ensorcelled Hibernation
   932 | D:2      | Reached XP level 3. HP: 16/16 MP: 0/8
   937 | D:2      | Learned a level 3 spell: Confuse
  1176 | D:3      | Reached skill level 5 in Stealth
  1258 | D:3      | Found a glowing drain.
  1266 | Sewer    | Entered a sewer
  1609 | Sewer    | Reached XP level 4. HP: 19/21 MP: 2/10
  1628 | Sewer    | Learned a level 3 spell: Dazzling Spray
  2267 | Sewer    | Reached XP level 5. HP: 21/24 MP: 1/11
  2292 | Sewer    | Reached skill level 6 in Stealth
  2437 | Sewer    | Noticed a giant frog
  2445 | Sewer    | Killed a giant frog
  2445 | Sewer    | Reached skill level 5 in Dodging
  2445 | Sewer    | Reached skill level 1 in Ice Magic
  2627 | D:3      | Found a blossoming altar of Fedhas.
  3067 | D:2      | Reached XP level 6. HP: 28/28 MP: 2/13
  3096 | D:2      | Found a basalt altar of Yredelemnul.
  3353 | D:5      | Entered Level 5 of the Dungeon
  3370 | D:4      | Noticed Natasha
  3589 | D:4      | Noticed Sigmund
  3626 | D:4      | Found Gozag's Platinum Reserve.
  3631 | D:4      | Found an opulent altar of Gozag.
  3693 | D:4      | Killed from afar by Sigmund

Action                   |  1- 3 |  4- 6 || total
-------------------------+-------+-------++-------
Melee: Dagger            |    84 |   194 ||   278
 Cast: Corona            |     8 |     4 ||    12
       Ensorcelled Hiber |    23 |    45 ||    68
       Dazzling Spray    |       |     2 ||     2
       Confuse           |       |     3 ||     3
 Stab: Sleeping          |    24 |    30 ||    54
       Distracted        |       |     1 ||     1
  Eat: Pizza             |       |     1 ||     1
       Royal jelly       |       |     1 ||     1
